 Dungeon Crawl Stone Soup version 0.30.0-29-ga12c61a403 (webtiles) character file.

Game seed: 12821688549335278907

130 growler the Chopper (level 5, -1/35 HPs)
             Began as a Human Wanderer on June 12, 2023.
             Slain by a ball python (2 damage)
             ... in a sewer.
             The game lasted 00:03:55 (1798 turns).

growler the Chopper (Human Wanderer)                Turns: 1798, Time: 00:03:56

Health: -1/35      AC:  6    Str: 13    XL:     5   Next: 36%
Magic:  6/6        EV:  7    Int: 12    God:
Gold:   113        SH:  0    Dex: 14    Spells: 5/6 levels left

rFire   . . .        a - +2 hand axe
rCold   . . .        (no shield)
rNeg    . . .        o - +0 ring mail
rPois   .            (no helmet)
rElec   .            n - +0 cloak
rCorr   .            (no gloves)
SInv    .            (no boots)
Will    .....        (no amulet)
Stlth   +            (no ring)
HPRegen 0.25/turn    (no ring)
MPRegen 0.10/turn

%: no passive effects
@: constricted, very slow
A: no striking features
a: no special abilities


You were in a sewer.
You visited 1 branch of the dungeon, and saw 3 of its levels.
You also visited: Sewer.

You collected 113 gold pieces.

Inventory:

Hand Weapons
 a - a +2 hand axe (weapon)
Armour
 d - a +0 robe
 n - a +0 cloak (worn)
 o - a +0 ring mail (worn)
Wands
 b - a wand of polymorph (6)
Scrolls
 c - a scroll of fog
 e - 4 scrolls of identify {unknown}
 f - a scroll of enchant weapon {unknown}
 h - a scroll of amnesia {unknown}
 i - a scroll of immolation {unknown}
 k - a scroll of magic mapping {unknown}
 m - a scroll of vulnerability {unknown}
Potions
 g - 2 potions of flight {unknown}
 j - a potion of ambrosia {unknown}
 l - 2 potions of mutation {unknown}
 p - a potion of might {unknown}
 q - a potion of lignification {unknown}


   Skills:
 + Level 5.7 Axes
 - Level 2.0 Armour
 - Level 1.0 Spellcasting
 - Level 3.0 Transmutations
 - Level 1.0 Evocations


You had 5 spell levels left.
You knew the following spells:

 Your Spells              Type           Power      Damage    Failure   Level
a - Sting                 Tmut/Pois      16%        1d3       34%         1

Your spell library contained the following spells:

 Spells                   Type           Power      Damage    Failure   Level
 Cigotuvi's Dreadful Rot  Necr/Pois/Air  0%         N/A       67%         2
 Ignite Poison            Fire/Tmut/Pois 3%         N/A       77%         3
 Freezing Cloud           Conj/Ice/Air   0%         6-21      100%        5


Dungeon Overview and Level Annotations

Branches:
Dungeon (3/15)              Sewer (1/1)

Altars:

Shops:
D:3 (


Message History

Your unstable footing causes you to fumble your attack.
You hit the worm.
The worm is lightly wounded.
You hit the worm.
The worm is moderately wounded.
The worm bites you.
You hit the worm.
The worm is heavily wounded.
The worm splashes around in the water.
You slash the worm!
The worm is almost dead.
Your unstable footing causes you to fumble your attack.
The worm bites you.
Your unstable footing causes you to fumble your attack.
You completely miss the worm.
The worm is almost dead.
The worm bites you!
* * * LOW HITPOINT WARNING * * *
Your unstable footing causes you to fumble your attack.
The worm barely misses you.
Your unstable footing causes you to fumble your attack.
You barely miss the worm.
The worm is severely wounded.
The worm bites you.
* * * LOW HITPOINT WARNING * * *
You hit the worm.
The worm is almost dead.
You hit the worm.
You kill the worm!
The ball python closely misses you. The ball python grabs you.
The ball python constricts you.
You closely miss the ball python.
The ball python bites you but does no damage.
The ball python constricts you.
Your unstable footing causes you to fumble your attack.
The ball python bites you.
* * * LOW HITPOINT WARNING * * *
The ball python constricts you.
You closely miss the ball python. The ball python bites you.
You die...

.S ... #≈# #≈# #≈#
##### ##≈## ##~..##
##..~##
#~..~~####.∩~.~#####.
#.~...~S@÷~.∩.~≈≈≈≈≈~
#~....####†~~..#####~
##...## ##.~.## ##~##
##≈## #~# #≈# #~# #≈#
#~# #≈# ##~## ##≈##
##...## ##.~.##


You could see a ball python.

Vanquished Creatures
  6 adders
  2 worms (Sewer)
  3 dart slugs
  An orc (D:3)
  9 ball pythons
  3 endoplasms
  6 giant cockroaches
  4 goblins
  5 hobgoblins
  4 quokkas
  2 bats
  4 frilled lizards
  10 kobolds
  4 rats
63 creatures vanquished.

Notes
Turn   | Place    | Note
-------+----------+-------------------------------------------
     0 | D:1      | growler the Human Wanderer began the quest for the Orb.
     0 | D:1      | growler set off with the following items: a +2 hand axe, a
                  | wand of polymorph (6), a scroll of fog, a +0 robe; and the
                  | following spell memorised: Sting; and the following spells
                  | available to memorise: Ignite Poison.
     0 | D:1      | Reached XP level 1. HP: 13/13 MP: 2/2
    69 | D:1      | Reached XP level 2. HP: 9/19 MP: 3/3
   350 | D:1      | Reached skill level 4 in Axes
   350 | D:1      | Reached XP level 3. HP: 24/24 MP: 4/4
   474 | D:1      | You fall into a shaft and drop 1 floor!
   840 | D:2      | Identified the +7 whip of Wyrd {protect, rF+ MP+9 Dex+4}
   881 | D:2      | Reached XP level 4. HP: 3/30 MP: 5/5
  1255 | D:2      | Reached skill level 5 in Axes
  1470 | D:3      | Found Qumisec's Antique Weapon Boutique.
  1551 | D:3      | Found a glowing drain.
  1585 | Sewer    | Entered a sewer
  1607 | Sewer    | Reached XP level 5. HP: 23/35 MP: 6/6
  1735 | Sewer    | HP: 1/35 [worm (5)]
  1797 | Sewer    | HP: 1/35 [ball python (2)]
  1798 | Sewer    | Slain by a ball python

Illustrated notes

Levels and vault maps discovered:
D:1:      ncdulo_wetmaze, layout_basic
D:2:      layout_rooms
D:3:      layout_basic, mainiacjoe_overflow_alcove_2, serial_shops, shop,
          shop_statue, gup_sewer_entry_pipe, chequers_serial_rivers_micro_c,
          grunt_ministairs_9, st_stairs_1, roderic_serpentine_path, uniq_robin
Sewer:    sewer_co_15_rooms

Skill      XL: |  1  2  3  4 |
---------------+-------------+-----
Axes           | 4 5 |  5.7
Armour         | |  2.0
Spellcasting   | |  1.0
Transmutations | |  3.0
Evocations     | |  1.0

Action                     |  1- 3 |  4- 6 || total
---------------------------+-------+-------++-------
  Melee: Hand axe          |   101 |   139 ||   240
   Stab: Distracted        |     1 |       ||     1
 Armour: Robe              |    20 |     8 ||    28
         Ring mail         |       |    27 ||    27
  Dodge: Dodged            |    63 |    57 ||   120
